 Dungeon Crawl Stone Soup version 0.20.0-15-g7f486f2 (webtiles) character file.

80 galech the Skirmisher (level 4, -5/49 HPs)
             Began as an Ogre Fighter on June 26, 2017.
             Slain by Sigmund
             ... wielding a +0 scythe
              (8 damage)
             ... on level 2 of the Dungeon.
             The game lasted 00:01:58 (1384 turns).

galech the Skirmisher (Ogre Fighter)                Turns: 1384, Time: 00:01:59

Health: -5/49      AC:  3    Str: 26    XL:     4   Next: 39%
Magic:  4/4        EV:  8    Int:  9    God:
Gold:   51         SH:  9    Dex:  8    Spells: 3/3 levels left

rFire    . . .     SeeInvis .   a - +0 flail
rCold    . . .     Gourm    .   c - +0 shield
rNeg     . . .     Faith    .   b - +0 robe
rPois    .         Spirit   .   (helmet restricted)
rElec    .         Reflect  .   (no cloak)
rCorr    .         Harm     .   (gloves unavailable)
MR       .....                  (boots unavailable)
Stlth    +.........             (no amulet)
Regen    0.2/turn               (no ring)
MPRegen  0.1/turn               (no ring)

@: mighty
A: unfitting armour, tough skin 1
a: no special abilities


You were on level 2 of the Dungeon.
You were not hungry.

You visited 1 branch of the dungeon, and saw 2 of its levels.

You collected 51 gold pieces.

Inventory:

Hand Weapons
 a - a +0 flail (weapon)
Armour
 b - a +0 robe (worn)
 c - a +0 shield (worn)
Scrolls
 e - 2 scrolls of amnesia {unknown}
 k - 3 scrolls of identify {unknown}
 l - a scroll of remove curse {unknown}
 m - a scroll of immolation {unknown}
Potions
 h - a potion of curing {unknown}
 i - a potion of lignification {unknown}
 n - a potion of ambrosia {unknown}
Comestibles
 f - 2 bread rations
 g - 3 chunks of flesh
 j - 2 meat rations


   Skills:
 + Level 4.7 Fighting
 + Level 2.5 Maces & Flails
 + Level 3.2 Dodging
 + Level 3.3 Shields


You had 3 spell levels left.
You didn't know any spells.

Dungeon Overview and Level Annotations

Branches:
Dungeon (2/15)

Altars:

Annotations:
D:2 Sigmund


Innate Abilities, Weirdness & Mutations

You are too large for most types of armour.
You have tough skin. (AC +1)


Message History

You are too injured to fight recklessly!
You are too injured to fight recklessly!
You are too injured to fight recklessly!
You are too injured to fight recklessly!
You are too injured to fight recklessly!
You are too injured to fight recklessly!
You are too injured to fight recklessly!
You are too injured to fight recklessly!
You are too injured to fight recklessly!
You are too injured to fight recklessly!
You are too injured to fight recklessly!
You barely miss something. You block the kobold's attack.
You hear some strange, mumbled words.
A magic dart appears from out of thin air!
The magic dart hits you!
You miss something. The kobold hits you. Something hits you!
* * * LOW HITPOINT WARNING * * *
The kobold hits you but does no damage.
You barely miss something. Something hits you!
You die...

#.....# #.....# #.....#
#.....# #.....#
#######.....##########
......{......).......###
......K@....##### #.#...
......†.........###...##
.(.....$###..[.........#
........# #.....###.####
........# ####### #.....
.......## .......####
....... ...........
....... ........###
...........


You could see a kobold.

Vanquished Creatures
  Jessica (D:2)
  2 adders (D:2)
  A dart slug (D:1)
  A leopard gecko (D:1)
  2 ball pythons (D:1)
  A bat (D:1)
  6 goblins
  6 hobgoblins
  7 jackals (D:1)
  A frilled lizard (D:1)
  2 rats (D:1)
30 creatures vanquished.

Notes
Turn   | Place    | Note
-------+----------+-------------------------------------------
     0 | D:1      | galech the Ogre Fighter began the quest for the Orb.
     0 | D:1      | Reached XP level 1. HP: 24/24 MP: 1/1
    63 | D:1      | Reached XP level 2. HP: 16/32 MP: 2/2
   621 | D:1      | Reached XP level 3. HP: 28/40 MP: 3/3
  1214 | D:2      | Noticed Jessica
  1227 | D:2      | Killed Jessica
  1227 | D:2      | Reached XP level 4. HP: 32/49 MP: 4/4
  1370 | D:2      | Noticed Sigmund
  1384 | D:2      | Slain by Sigmund

Skill      XL: |  1  2  3 |
---------------+----------+-----
Maces & Flails | 2 |  2.5
Shields        | 3 |  3.3
Dodging        | 3 |  3.2
Fighting       | |  4.7

Action                   |  1- 3 |  4- 6 || total
-------------------------+-------+-------++-------
Melee: Flail             |   163 |     8 ||   171
  Use: Potion            |       |     1 ||     1
  Eat: Chunk             |     1 |     1 ||     2
Armor: Robe              |    51 |     1 ||    52
Dodge: Dodged            |    87 |     3 ||    90
Block: Shield            |    89 |     6 ||    95
